 Dungeon Crawl Stone Soup version 0.29.0-3-gbb0933ed62 (webtiles) character file.

Game seed: 1349732649767249919

4844 funkygono the Magician (level 10, -1/56 HPs)
             Began as a Gargoyle Fire Elementalist on Aug 25, 2022.
             Was a Follower of Vehumet.
             Slain by a two-headed ogre
             ... wielding a +0 giant club
              (7 damage)
             ... on level 8 of the Dungeon.
             The game lasted 00:17:25 (8964 turns).

funkygono the Magician (Gargoyle Fire Elementalist) Turns: 8964, Time: 00:17:26

Health: -1/56      AC: 23    Str: 12    XL:     10   Next: 49%
Magic:  18/20      EV: 12    Int: 20    God:    Vehumet [*.....]
Gold:   509        SH:  0    Dex: 10    Spells: 9/23 levels left

rFire   + . .      SeeInvis .   e - +8 hammer of the Omega Point {spect, Will+}
rCold   . . .      Faith    .   y - orb {*channel}
rNeg    + . .      Spirit   .   c - +2 leather armour {rPois}
rPois   ∞          Reflect  .   l - +1 helmet
rElec   +          Harm     .   p - +1 cloak
rCorr   .          Rampage  .   (no gloves)
Will    +....                   i - +1 pair of boots
Stlth   ++........              (no amulet)
HPRegen 0.18/turn               g - +4 ring of protection
MPRegen 0.17/turn               m - ring of protection from fire

@: no status effects
A: sickness immunity, AC +7, negative energy resistance 1, electricity
resistance, torment resistance 1, petrification resistance
a: Renounce Religion


You were on level 8 of the Dungeon.
You worshipped Vehumet.
Vehumet was aware of your devotion.
You visited 2 branches of the dungeon, and saw 10 of its levels.

You collected 509 gold pieces.

Inventory:

Hand Weapons
 d - a +0 whip
 e - the +8 hammer of the Omega Point (weapon) {spect, Will+}
   (You found it on level 2 of the Dungeon)

   When its wielder attacks, the weapon's spirit leaps out and strikes again.
   The spirit shares a part of any damage it takes with its wielder.
   Will:      It increases your willpower.
 k - a +2 falchion of holy wrath
 o - a +3 quarterstaff of chaos
 q - a +3 hammer of protection
 r - a +2 hammer of protection
 D - a +4 flail of protection
 K - the +8 dagger of the Powerful God {holy, rElec rCorr Int-5}
   (You found it on level 5 of the Dungeon)

   It has been blessed by the Shining One to cause great damage to the undead
   and demons.
   Int:       It affects your intelligence (-5).
   rElec:     It insulates you from electricity.
   rCorr:     It protects you from acid and corrosion.
Armour
 a - a +0 robe
 c - a +2 leather armour of poison resistance (worn)
 i - a +1 pair of boots (worn)
 l - a +1 helmet (worn)
 p - a +1 cloak (worn)
 y - an orb of energy (worn)
 E - a +4 chain mail
Jewellery
 g - a +4 ring of protection (left hand)
 m - a ring of protection from fire (right hand)
 s - a ring of protection from fire
 t - an amulet of faith
 G - a ring of willpower
 P - an amulet of reflection
Wands
 C - a wand of polymorph (2)
 J - a wand of iceblast (4)
 M - a wand of mindburst (21)
 Q - a wand of flame (9)
Scrolls
 n - a scroll of amnesia
 B - a scroll of teleportation
 H - a scroll of butterflies
 N - a scroll of identify
Potions
 b - 3 potions of magic
 f - 4 potions of flight
 h - 2 potions of brilliance
 j - 2 potions of might
 u - 4 potions of curing
 v - a potion of invisibility
 w - 4 potions of attraction
 x - 2 potions of lignification
 z - 3 potions of berserk rage
 A - 4 potions of mutation
 F - a potion of haste
 L - a potion of heal wounds {unknown}
 O - a potion of ambrosia {unknown}
Miscellaneous
 I - a phial of floods


   Skills:
 + Level 3.7 Fighting
 + Level 6.6 Maces & Flails
 + Level 3.5 Armour
 + Level 3.8 Dodging
 + Level 4.3 Stealth
 + Level 7.1 Spellcasting
 + Level 5.5 Conjurations
 + Level 6.9 Fire Magic
 + Level 3.2 Earth Magic


You had 9 spell levels left.
You knew the following spells:

 Your Spells              Type           Power      Damage    Failure   Level
a - Foxfire               Conj/Fire      100%       2x1d9     1%          1
b - Scorch                Fire           68%        2d8       1%          2
c - Conjure Flame         Conj/Fire      32%        6-21      2%          3
d - Flame Wave            Conj/Fire      32%        2d9       9%          4
e - Sandblast             Erth           40%        2d10      3%          1
f - Stone Arrow           Conj/Erth      48%        3d10      6%          3

Your spell library contained the following spells:

 Spells                   Type           Power      Damage    Failure   Level
 Inner Flame              Hex/Fire       21%        N/A       9%          3
 Beastly Appendage        Tmut           14%        N/A       12%         1
 Ignite Poison            Fire/Tmut/Pois 16%        N/A       14%         3
 Mephitic Cloud           Conj/Pois/Air  14%        N/A       17%         3
 Wereblood                Tmut           7%         N/A       19%         2
 Gell's Gravitas          Tloc           7%         N/A       34%         3
 Lesser Beckoning         Tloc           7%         N/A       34%         3
 Spider Form              Tmut/Pois      7%         N/A       34%         3
 Teleport Other           Tloc           7%         N/A       34%         3
 Animate Armour           Summ/Erth      26%        N/A       52%         4
 Passage of Golubria      Tloc           7%         N/A       75%         4
 Freezing Cloud           Conj/Ice/Air   7%         6-21      83%         5
 Silence                  Hex/Air        3%         N/A       97%         5
 Lehudib's Crystal Spear  Conj/Erth      12%        10d4      100%        8


Dungeon Overview and Level Annotations

Branches:
Dungeon (9/15)             Temple (1/1) D:6
   Lair: D:8-11         Orc: D:9-12

Altars:
Ashenzari
Cheibriados
Elyvilon
Fedhas
Gozag
Hepliaklqana
Kikubaaqudgha
Makhleb
Nemelex Xobeh
Okawaru
Qazlal
Ru
Trog
Uskayaw
Vehumet
Wu Jian
Xom
Yredelemnul
The Shining One


Innate Abilities, Weirdness & Mutations

You are immune to sickness and miasma.
Your stone body is resilient. (AC +7)
You are immune to poison.
You resist negative energy. (rN+)
You are resistant to electric shocks. (rElec)
You are resistant to unholy torment.
You are immune to petrification.


Message History

The two-headed ogre is lightly wounded.
The two-headed ogre hits you with a +0 giant club!
The two-headed ogre hits you but does no damage.
You hit the two-headed ogre.
The two-headed ogre is lightly wounded.
Your +8 hammer of the Omega Point {spect, Will+} hits the two-headed ogre!
The two-headed ogre hits you with a +0 giant club! x2
* * * LOW HITPOINT WARNING * * *
Casting: Sandblast (safe; 3% risk of failure)
Confirm with . or Enter, or press ? or * to list all spells.
Flames lash the two-headed ogre.
The two-headed ogre is heavily wounded.
The two-headed ogre's fire resistance burns away.
Unknown command.
The two-headed ogre attacks as you move away!
The two-headed ogre hits you with a +0 giant club!
* * * LOW HITPOINT WARNING * * *
The two-headed ogre hits you but does no damage.
You sock the two-headed ogre!
The two-headed ogre is severely wounded.
The two-headed ogre misses you.
The two-headed ogre hits you with a +0 giant club.
* * * LOW HITPOINT WARNING * * *
You sock the two-headed ogre!
The two-headed ogre is almost dead.
Your +8 hammer of the Omega Point {spect, Will+} barely misses the two-headed ogre.
The two-headed ogre hits you but does no damage. x2
The two-headed ogre is no longer more vulnerable to fire.
Unknown command.
You see here a +0 trident.
Casting: Scorch (safe; 1% risk of failure)
Confirm with . or Enter, or press ? or * to list all spells.
Flames lash the two-headed ogre.
The two-headed ogre is almost dead.
The two-headed ogre's fire resistance burns away.
Unknown command.
The two-headed ogre attacks as you move away!
The two-headed ogre closely misses you.
The two-headed ogre hits you with a +0 giant club!
You die...

#..#...#.......##...........
#..##+##..###.###.........##
##.......## #.# #.........##
######### #.# ##.......###
#.# #.......# # ###.#
#.......# #...# ###########
#.### #...# ####@######
#...# #....O.##.## ####...#
#.##.#.#...###.......
#.##.#......##.......
#.##....)..###.......
#.####.##.......>...#
#......##########...#
######## #...# #####


You could see a two-headed ogre (combustible).

Vanquished Creatures
  A two-headed ogre (D:9)
  Grinder (D:3)
  A yak (D:5)
  2 steam dragons
  Edmund (D:4)
  Duvessa (D:4)
  A water moccasin (D:5)
  An ice beast (D:8)
  A sky beast (D:7)
  3 orc warriors
  A black bear (D:5)
  2 ogres
  2 centaurs
  A phantom (D:6)
  2 bullfrogs
  A kobold brigand (D:7)
  A gnoll sergeant (D:7)
  4 scorpions
  Dowan (D:4)
  4 killer bees
  3 howler monkeys
  5 crimson imps (D:4)
  7 hounds
  5 jellies
  Crazy Yiuf (D:2)
  A gnoll bouda (D:7)
  9 orc priests
  Natasha (thrice) (D:3)
  3 iguanas
  7 orc wizards
  Robin (D:2)
  10 gnolls
  5 adders
  3 ufetubi
  3 worms (D:4)
  5 dart slugs
  30 orcs
  11 ball pythons
  8 endoplasms
  5 giant cockroaches
  13 goblins
  14 hobgoblins
  12 kobolds
  5 quokkas
  5 bats
  6 frilled lizards
  A goblin skeleton (D:4)
  A hobgoblin zombie (D:4)
  2 kobold skeletons (D:4)
  2 kobold zombies (D:4)
  An orc zombie (D:4)
  10 rats
229 creatures vanquished.

Vanquished Creatures (others)
  A kobold (D:7)
  329 foxfires
330 creatures vanquished.

Grand Total: 559 creatures vanquished

Notes
Turn   | Place    | Note
-------+----------+-------------------------------------------
     0 | D:1      | funkygono the Gargoyle Fire Elementalist began the quest
                  | for the Orb.
     0 | D:1      | Reached XP level 1. HP: 10/10 MP: 3/3
   139 | D:1      | Found a faded altar of an unknown god.
   233 | D:1      | Reached XP level 2. HP: 14/15 MP: 1/5
   236 | D:1      | Learned a level 2 spell: Scorch
   842 | D:1      | Reached XP level 3. HP: 18/19 MP: 4/6
   846 | D:1      | Learned a level 3 spell: Conjure Flame
  1662 | D:2      | Identified the +0 robe "Ukhlap" {rCorr SInv}
  1699 | D:2      | Reached XP level 4. HP: 24/24 MP: 4/7
  1932 | D:2      | Noticed Robin
  1937 | D:2      | Reached skill level 1 in Armour
  1941 | D:2      | Killed Robin
  2234 | D:2      | Found a runed translucent door.
  2235 | D:2      | Noticed Crazy Yiuf
  2561 | D:2      | Killed Crazy Yiuf
  2562 | D:2      | Reached XP level 5. HP: 21/28 MP: 1/9
  2576 | D:2      | Identified the +8 hammer of the Omega Point {spect, Will+}
  2683 | D:3      | Noticed Natasha
  2688 | D:3      | Killed Natasha
  3093 | D:3      | Noticed Natasha
  3099 | D:3      | Killed Natasha
  3182 | D:3      | Found an opulent altar of Gozag.
  3308 | D:3      | Reached skill level 3 in Spellcasting
  3419 | D:3      | Noticed Natasha
  3428 | D:3      | Killed Natasha
  3429 | D:3      | Reached skill level 1 in Maces & Flails
  3429 | D:3      | Reached XP level 6. HP: 19/33 MP: 6/11
  3436 | D:3      | Learned a level 4 spell: Flame Wave
  3615 | D:3      | Noticed Grinder
  3622 | D:3      | Killed Grinder
  3623 | D:3      | Reached skill level 1 in Fighting
  3623 | D:3      | Reached XP level 7. HP: 31/38 MP: 8/12
  4008 | D:4      | Noticed Dowan
  4012 | D:4      | Noticed Duvessa
  4020 | D:4      | Killed Duvessa
  4021 | D:4      | Reached skill level 4 in Spellcasting
  4029 | D:4      | Killed Dowan
  4189 | D:4      | Found a glowing golden altar of the Shining One.
  4350 | D:4      | Found an ornate altar of the Wu Jian Council.
  4613 | D:4      | Noticed Edmund
  4623 | D:4      | Killed Edmund
  4624 | D:4      | Reached skill level 5 in Fire Magic
  4624 | D:4      | Reached XP level 8. HP: 40/43 MP: 7/14
  4727 | D:4      | Found a shimmering altar of Xom.
  4933 | D:5      | Entered Level 5 of the Dungeon
  4956 | D:5      | Found a large runed translucent door.
  4956 | D:5      | Found a large runed translucent door.
  5002 | D:5      | Found a large runed translucent door.
  5002 | D:5      | Found a large runed translucent door.
  5009 | D:5      | Noticed a yak
  5126 | D:5      | Reached skill level 5 in Spellcasting
  5433 | D:5      | Reached XP level 9. HP: 47/48 MP: 14/17
  5657 | D:5      | Reached skill level 5 in Maces & Flails
  5674 | D:5      | Identified the +8 dagger of the Powerful God {holy, rElec
                  | rCorr Int-5}
  5916 | D:6      | Found a stormy altar of Qazlal.
  6082 | D:6      | Reached skill level 6 in Spellcasting
  6106 | D:6      | Found a staircase to the Ecumenical Temple.
  6117 | Temple   | Entered the Ecumenical Temple
  6476 | Temple   | Became a worshipper of Vehumet
  6555 | D:6      | Found a blossoming altar of Fedhas.
  7097 | D:7      | Reached skill level 5 in Conjurations
  7103 | D:7      | Reached * piety under Vehumet
  7103 | D:7      | Offered knowledge of Sandblast by Vehumet.
  7108 | D:7      | Learned a level 1 spell: Sandblast
  7421 | D:8      | Found a snail-covered altar of Cheibriados.
  7439 | D:8      | Reached XP level 10. HP: 56/56 MP: 16/19
  7444 | D:8      | Learned a level 3 spell: Stone Arrow
  7642 | D:8      | Noticed a +0 short sword
  7642 | D:8      | Noticed a +0 spear
  7643 | D:8      | Noticed a +0 dagger
  7643 | D:8      | Noticed a +0 falchion
  7643 | D:8      | Noticed a +0 spear
  7644 | D:8      | Noticed a +0 short sword
  7644 | D:8      | Noticed a +0 falchion
  7645 | D:8      | Noticed a +0 dagger
  7646 | D:8      | Found a hide-covered altar of Uskayaw.
  8080 | D:8      | Reached skill level 1 in Earth Magic
  8478 | D:9      | Noticed a two-headed ogre
  8488 | D:9      | Killed a two-headed ogre
  8489 | D:9      | Reached skill level 7 in Spellcasting
  8669 | D:9      | Noticed a two-headed ogre
  8672 | D:9      | Noticed a two-headed ogre
  8964 | D:8      | Slain by a two-headed ogre

Illustrated notes

Levels and vault maps discovered:
D:1:      matt_arrival_refuge, layout_basic,
          shapermc_ecumenical_altar_starsandcircs
D:2:      layout_loops_ring, minmay_misc_feat_rows, uniq_robin,
          uniq_crazy_yiuf_cottage
D:3:      layout_basic, grunt_gozag_breadcrumbs, minmay_parallelograms,
          uniq_natasha, uniq_grinder
D:4:      layout_basic, led_xom_imps, nicolae_tso_besieged_by_evil,
          mainiacjoe_overflow_six_doors_small, hangedman_decor_opposing,
          chequers_serial_rivers_marsh, minmay_pentangle, uniq_edmund,
          uniq_duvessa
D:5:      layout_gridville, serial_bayou_pond_e, minmay_hollow_rounded_squares
D:6:      layout_rooms, nicolae_qazlal_style_of_elements,
          fedhas_altar_fruit_tree, minmay_temple_entry_poolview, nrook_uturn,
          grunt_ministairs_9
D:7:      layout_rooms
D:8:      layout_loops_cross, cheibriados_altar_1, nicolae_uskayaw_en_pointe
D:9:      kennysheep_ambush_hall, layout_basic, zin_scriptorium,
          erik_lair_orcish_takeover
Temple:   grunt_temple_mini_profane

Skill      XL: |  1  2  3  4  5  6  7  8  9 10 |
---------------+-------------------------------+-----
Armour         | 1 2 3 |  3.5
Dodging        | 2 3 |  3.8
Conjurations   | 2 3 4 5 |  5.5
Fire Magic     | 4 5 6 |  6.9
Spellcasting   | 3 4 5 6 7 |  7.1
Maces & Flails | 1 3 4 6 |  6.6
Fighting       | 1 2 3 |  3.7
Stealth        | 3 4 |  4.3
Earth Magic    | 3 |  3.2

Action                   |  1- 3 |  4- 6 |  7- 9 | 10-12 || total
-------------------------+-------+-------+-------+-------++-------
Melee: Whip              |    39 |    49 |       |       ||    88
       Mace              |       |    23 |   151 |    45 ||   219
       Punch             |       |       |     3 |     1 ||     4
 Cast: Foxfire           |    47 |    41 |   109 |     6 ||   203
       Scorch            |       |     8 |    11 |     5 ||    24
       Sandblast         |       |       |       |    40 ||    40
       Stone Arrow       |       |       |       |     5 ||     5
  Use: Scroll            |       |     2 |    15 |     3 ||    20
 Stab: Sleeping          |     1 |       |     1 |       ||     2
Armor: Leather armour    |    25 |    44 |    95 |   100 ||   264
Dodge: Dodged            |    29 |    39 |    85 |   117 ||   270
